[Event "Live Chess"]
[Site "Chess.com"]
[Date "2023.05.20"]
[Round "-"]
[White "seabuck"]
[Black "Duke_of_Bebington"]
[Result "1-0"]
[WhiteElo "1862"]
[BlackElo "1581"]
[TimeControl "300"]
[EndTime "10:47:13 PDT"]
[Termination "seabuck won on time"]

1. d4 d5 2. c4 c6 3. cxd5 cxd5 4.
Nc3 e5 5. e3 exd4 6. exd4 Nc6 7. Nf3 Nf6 8. Bg5 Be7 9. Bd3 O-O 10. O-O Be6 11. h3 Rc8 12. Re1 Re8 13. a3 Na5 14. Qc2 h6 15. Bh4 Qb6 16. Rad1 Nc4 17. Bxc4 Rxc4 18. Qd2 Rec8 19. Ne5 R4c7 20. Re2 Qb3 21. Rde1 Bxa3 22. Bxf6 gxf6 23. Qxh6 fxe5 24. Rxe5 Be7 25. Rxe6 fxe6 26. Rxe6 Bf8 27. Qg6+ Rg7 28. Qf5 Rcc7 29. Nxd5 Qd1+ 30. Kh2 Qxd4 31. Nf6+ Kh8 32. Qh5+ Rh7 33. Nxh7 Rxh7 34. Qf5 Bd6+ 35. g3 Re7 36. Rh6+ Rh7 37. Qc8+ Kg7 38. Rxh7+ 1-0

[Event "Live Chess"]
[Site "Chess.com"]
[Date "2023.05.20"]
[Round "-"]
[White "Chesscoach_Golichenko"]
[Black "Doge_Dandolo"]
[Result "1-0"]
[WhiteElo "2652"]
[BlackElo "2120"]
[TimeControl "300"]
[EndTime "10:47:17 PDT"]
[Termination "Chesscoach_Golichenko won by resignation"]

1. d4 d5 2. Nc3 Nf6 3. Bf4 c6 4. f3 h5 5. e4 dxe4 6. fxe4 Bg4 7. Nf3 e6 8. h3 Bxf3 9. gxf3 Bb4 10. Qd3 Nbd7 11. a3 Ba5 12. O-O-O Qe7 13. Rg1 g6 14. d5 Bxc3 15. Qxc3 cxd5 16. exd5 Rc8 17. Qxc8+ 1-0

[Event "Live Chess"]
[Site "Chess.com"]
[Date "2023.05.20"]
[Round "-"]
[White "lHolyDiverl"]
[Black "Andysav3"]
[Result "0-1"]
[WhiteElo "562"]
[BlackElo "1694"]
[TimeControl "300"]
[EndTime "10:47:21 PDT"]
[Termination "Andysav3 won on time"]

1. d4 Nf6 2. Nc3 d5 3. Bf4 e6 4. Nb5 Na6 5. Nf3 c6 6. Nc3 Be7 7.
e3 O-O 8. h3 h6 9. Qd3 c5 10.
b3 Bd7 11. e4 Nb4 12. Qe2 dxe4 13. Nxe4 Bc6 14. Nxf6+ Bxf6 15. a3 cxd4 16. axb4 d3 17. Qxd3 Bxa1 18. Ne5 Qf6 19. Qg3 Bc3+ 0-1

[Event "Live Chess"]
[Site "Chess.com"]
[Date "2023.05.20"]
[Round "-"]
[White "Fazer180"]
[Black "KeithArkell"]
[Result "0-1"]
[WhiteElo "1728"]
[BlackElo "2612"]
[TimeControl "300"]
[EndTime "10:47:27 PDT"]
[Termination "KeithArkell won by resignation"]

1. e4 c6 2. d4 d5 3. Nc3 dxe4 4.
Nxe4 Nd7 5. Nf3 Ngf6 6. Nxf6+ Nxf6 7. Bc4 Bf5 8. O-O e6 9. Bf4 Bd6 10. Bxd6 Qxd6 11. c3 Bg4 12. Be2 O-O 13. Qb3 b5 14. h3 Bh5 15. Qc2 Nd5 16. Nh2 Bxe2 17. Qxe2 Rfe8 18. Rfe1 a6 19. Qe5 Qxe5 20. Rxe5 Rad8 21.
a4 g6 22. axb5 axb5 23. Ng4 Kg7 24. Ree1 Ra8 25. Ne5 Ne7 26. Ra3 Rxa3 27. bxa3 Ra8 28. Ra1 f6 29. Nd3 Nd5 30. Nb4 Nxb4 31. cxb4 Kf7 32.
Kf1 Ke7 33. Ke2 Kd6 34. Kd3 Kd5 35. f4 h6 36. g4 g5 37. fxg5 hxg5 38. Kc3 Rh8 39.
Rh1 f5 40. gxf5 exf5 41. Kd3 g4 42. h4 f4 43. h5 g3 44. Ke2 Ke4 45. Rh4 Rh6 46.
Kf1 Kf3 47. d5 cxd5 48. a4 Rc6 49. Ke1 g2 50. Rh3+ Kg4 51. h6 g1=Q+ 0-1

[Event "Live Chess"]
[Site "Chess.com"]
[Date "2023.05.20"]
[Round "-"]
[White "alexlines8"]
[Black "Vladyslav2008"]
[Result "0-1"]
[WhiteElo "1248"]
[BlackElo "2194"]
[TimeControl "300"]
[EndTime "10:47:30 PDT"]
[Termination "Vladyslav2008 won by resignation"]

1. e4 c5 2. c3 e6 3. d4 d5 4.
exd5 exd5 5. Nf3 Nf6 6. Bd3 Nc6 7. b3 cxd4 8. cxd4 Bb4+ 9. Bd2 Qe7+ 10. Qe2 O-O 11.
Qxe7 Bxe7 12. O-O Bg4 13. Ne5 Nxd4 14. Nxg4 Nxg4 15. Nc3 Rfd8 16. Rfe1 Bf6 17. Rac1 Rac8 18. Nxd5 Rxc1 19. Nxf6+ Nxf6 20. Rxc1 Nc6 21. Rc3 Nb4 22.
Bxh7+ Kxh7 23. Rh3+ Kg8 24. Bxb4 Rd1+ 0-1

[Event "Live Chess"]
[Site "Chess.com"]
[Date "2023.05.20"]
[Round "-"]
[White "ZackirtyChess"]
[Black "BostonStrangler"]
[Result "1/2-1/2"]
[WhiteElo "1162"]
[BlackElo "2078"]
[TimeControl "300"]
[EndTime "10:47:32 PDT"]
[Termination "Game drawn - timeout vs insufficient material"]

1. e4 c5 2. Nf3 g6 3. c3 Nc6 4. d4 cxd4 5. cxd4 d5 6. Nc3 dxe4 7.
Nxe4 Bg7 8. d5 Nb8 9. Bf4 Nf6 10. Nxf6+ Bxf6 11. Bb5+ Bd7 12. Bxd7+ Nxd7 13. Qb3 Qa5+ 14. Bd2 Qb6 15. O-O O-O 16. Be3 Qxb3 17. axb3 a6 18.
Bd4 Bxd4 19. Nxd4 Nb6 20. Ra5 Rfd8 21. Re1 Rxd5 22. Rxd5 Nxd5 23. Rd1 e6 24. Kf1 Rc8 25. Ke2 Kg7 26. Kf3 h5 27. h4 Nb4 28. g4 hxg4+ 29. Kxg4 Nd5 30. f4 Nf6+ 31. Kf3 Rh8 32. Rh1 Rh5 33.
Kg3 Ne4+ 34. Kg4 f5+ 35. Kh3 Kf6 36. Rg1 Nf2+ 37. Kg3 Ne4+ 38. Kh3 Rh8 39. Nf3 Nf2+ 40. Kg3 Ne4+ 41. Kh3 Rd8 42. Ne5 Nf2+ 43. Kg3 Ng4 44. Nxg4+ fxg4 45. Kxg4 Rd3 46. Re1 Rxb3 47. h5 gxh5+ 48.
Kxh5 Rg3 49. Kh4 Rg2 50. Kh3 Rxb2 51. Kg4 a5 52. Ra1 Rb5 53. Kf3 Kf5 54. Rf1 a4 55. Ke3 Rb4 56. Kd2 Rxf4 57. Ra1 b5 58. Kc3 Rc4+ 59.
Kd3 e5 60. Rf1+ Ke6 61. Rb1 Rc5 62. Ke4 a3 63. Kd3 Kd5 64. Kd2 Kd4 65. Rb4+ Rc4 66.
Rxb5 Ra4 67. Rb1 a2 68. Ra1 e4 69. Ke2 Kc3 70. Kd1 Kb2 71. Rc1 a1=Q 72. Rxa1 Rxa1+ 73. Kd2 Ra3 74. Ke2 e3 75. Kd1 Kc3 76. Ke1 Kd3 77. Kf1 e2+ 78. Ke1 Ra1+ 79. Kf2 e1=Q+ 80. Kf3 Qe3+ 81. Kg2 1/2-1/2

[Event "Live Chess"]
[Site "Chess.com"]
[Date "2023.05.20"]
[Round "-"]
[White "PiotrD11"]
[Black "lucaskk818"]
[Result "0-1"]
[WhiteElo "1329"]
[BlackElo "1879"]
[TimeControl "300"]
[EndTime "10:47:37 PDT"]
[Termination "lucaskk818 won on time"]

1. e4 e6 2. d4 d5 3. e5 c5 4.
Nf3 Nc6 5. Bb5 Qb6 6. Bxc6+ bxc6 7. dxc5 Bxc5 8. O-O Ba6 9. Be3 Bxe3 10. fxe3 Qxe3+ 11. Kh1 Bxf1 12. Qxf1 Rb8 13. b3 Ne7 14. Nbd2 Nf5 15. c4 h5 16. cxd5 cxd5 17. Qa6 Qb6 18. Qa4+ Kf8 19. Rc1 h4 20. h3 Ng3+ 21. Kh2 Ne4 22.
Nxe4 dxe4 23. Qxe4 Qb7 24. Qe1 Rc8 25. Rxc8+ Qxc8 26. Nxh4 Qc2 27. Qb4+ Kg8 28. Qb8+ Kh7 29. Qxa7 Qf2 30. Qa4 g6 31. Nf3 Kg7 32. a3 Qe3 33.
Qb4 g5 34. a4 Qf4+ 35. Qxf4 gxf4 36. b4 Rb8 37. b5 Kg6 38. Nd4 Ra8 39. b6 Rxa4 40. Nc6 Ra1 41. b7 Rb1 42. b8=Q Rxb8 43.
Nxb8 Kf5 44. Nd7 Kg6 45. h4 Kh5 46. Kh3 Kg6 47. Nc5 Kf5 48. Nd7 Kg6 49. g3 Kg7 50.
g4 Kg6 51. h5+ Kg5 52. Nc5 f3 0-1

[Event "Live Chess"]
[Site "Chess.com"]
[Date "2023.05.20"]
[Round "-"]
[White "mightysmasher"]
[Black "whitedjohn"]
[Result "1-0"]
[WhiteElo "2094"]
[BlackElo "1669"]
[TimeControl "300"]
[EndTime "10:47:38 PDT"]
[Termination "mightysmasher won by resignation"]

1. e4 Nf6 2. e5 Nd5 3. d4 d6 4. c4 Nb6 5. Nf3 Bg4 6. Be2 dxe5 7. dxe5 Qxd1+ 8. Bxd1 Nc6 9. O-O e6 10. Bf4 Nxc4 11.
Nc3 Nxb2 12. Be2 O-O-O 13. Rab1 Nd3 14. Bg3 Bxf3 15. Bxf3 Ndxe5 16. Bxe5 Nxe5 17. Bxb7+ Kd7 18. Nb5 Bd6 19. f4 Ng6 20. Kh1 Rb8 21. Nxa7 Rhf8 22. Nc6 Rbe8 23. a4 Nxf4 24. Rfd1 Nd5 25. a5 Rb8 26. Nxb8+ Rxb8 27. a6 Nb6 28. Rxb6 cxb6 29.
a7 Kc7 30. axb8=Q+ Kxb8 31. Rxd6 Kxb7 32. Rd7+ Kc6 33.
Rxf7 1-0

[Event "Live Chess"]
[Site "Chess.com"]
[Date "2023.05.20"]
[Round "-"]
[White "SaraTang"]
[Black "ClassyChameleon"]
[Result "0-1"]
[WhiteElo "164"]
[BlackElo "1060"]
[TimeControl "300"]
[EndTime "10:47:38 PDT"]
[Termination "ClassyChameleon won by resignation"]

1. e4 e5 2. Bb5 Bc5 3. Bc4 Qf6 4. Qf3 Qxf3 5. gxf3 Nf6 6. Nh3 O-O 7.
O-O c6 8. Ng5 d5 9. exd5 cxd5 10. Bb3 Nc6 11. c4 d4 12. Bc2 h6 13. Nh7 Nxh7 14.
Bxh7+ Kxh7 15. Re1 d3 16. Nc3 Bh3 17. Rxe5 Nxe5 0-1

[Event "Live Chess"]
[Site "Chess.com"]
[Date "2023.05.20"]
[Round "-"]
[White "MMmaaxxxx"]
[Black "McSlash1"]
[Result "1-0"]
[WhiteElo "2032"]
[BlackElo "2060"]
[TimeControl "300"]
[EndTime "10:47:55 PDT"]
[Termination "MMmaaxxxx won by resignation"]

1. e4 c5 2. a3 e6 3. b4 cxb4 4. axb4 Bxb4 5. c3 Be7 6. d4 d5 7.
e5 f6 8. Bd3 g6 9. f4 Nc6 10.
Nf3 a5 11. O-O b6 12. Bb5 Qc7 13. Qa4 Bd7 14. exf6 Nxf6 15. Ne5 Nxe5 16. fxe5 Bxb5 17. Qxb5+ Nd7 18. Bh6 Qc4 19. Qxc4 dxc4 20. Nd2 Bf8 21. Bg5 Be7 22. Bxe7 Kxe7 23. Nxc4 Rhc8 24. Nd6 Rf8 25.
Rfb1 Rab8 26. Rb5 Kd8 27. Rab1 Kc7 28. Ne4 Rf4 29. Ng5 Nf8 30. g3 Rf5 31. Ne4 Rf3 32. R1b3 Re3 33. Nd6 Nd7 34. Nc4 Rd3 35. Kf2 a4 36.
Ra3 Kc6 37. Nd6 Rd2+ 38. Ke3 Rxh2 39. Rxa4 Kc7 40. Ra7+ Kd8 41. Ne4 h5 42. Kf4 Rf2+ 43. Nxf2 Rc8 44. Ne4 Nf8 45. Rxb6 Ke8 46. Nf6+ Kd8 47.
Rd6+ 1-0

[Event "Live Chess"]
[Site "Chess.com"]
[Date "2023.05.20"]
[Round "-"]
[White "Hussamalhaidar"]
[Black "friarnator"]
[Result "0-1"]
[WhiteElo "1008"]
[BlackElo "1977"]
[TimeControl "300"]
[EndTime "10:48:01 PDT"]
[Termination "friarnator won by resignation"]

1. b3 Nf6 2. Bb2 g6 3. e3 Bg7 4. f4 O-O 5. Nf3 d6 6. d3 c5 7. Nbd2 Nc6 8. Be2 Ng4 9. Bxg7 Nxe3 10. Qc1 Kxg7 11. Ne4 Nd4 12. Nxd4 cxd4 13. Qb2 e5 14. fxe5 dxe5 15. c3 Nxg2+ 16. Kd2 Ne3 17. cxd4 exd4 18. h4 Qa5+ 19. b4 Qb6 20. Rh3 Bxh3 21. Rh1 Bg2 22. Rh2 Bxe4 23. dxe4 a5 24. Rh3 Qxb4+ 25. Kd3 Qxb2 0-1

[Event "Live Chess"]
[Site "Chess.com"]
[Date "2023.05.20"]
[Round "-"]
[White "luckywookie"]
[Black "GMHarry-youtube"]
[Result "0-1"]
[WhiteElo "729"]
[BlackElo "2152"]
[TimeControl "300"]
[EndTime "10:48:12 PDT"]
[Termination "GMHarry-youtube won by checkmate"]

1. e4 e5 2. c3 c5 3. d4 cxd4 4. cxd4 exd4 5. Nf3 Nc6 6. Bb5 Qa5+ 7. Bd2 Qxb5 8. Qe2 Qxb2 9. O-O Qxa1 10. Bb4 Bxb4 11.
Nbd2 Qxa2 12. Ne5 Nxe5 13. h3 Qxd2 14. Qxd2 Bxd2 15. Rd1 Bc3 16. f4 Nc4 17. Rc1 Nf6 18. e5 Ne4 19. f5 d3 20. Rxc3 Nxc3 21. Kf1 d2 22. Kf2 d1=Q 23. Kg3 Qd3+ 24. Kh2 Qe2 25. h4 Ne3 26. h5 Qxg2# 0-1

[Event "Live Chess"]
[Site "Chess.com"]
[Date "2023.05.20"]
[Round "-"]
[White "Olisingapore"]
[Black "Delacorta"]
[Result "1/2-1/2"]
[WhiteElo "1928"]
[BlackElo "1408"]
[TimeControl "300"]
[EndTime "10:48:13 PDT"]
[Termination "Game drawn by repetition"]

1. d4 e6 2. c4 f5 3. g3 Nf6 4.
Bg2 c6 5. Nc3 d5 6. Nf3 Bd6 7.
Qd3 O-O 8. O-O Nbd7 9. Re1 Ne4 10. Nh4 Be7 11. Nf3 Ndf6 12. Ne5 Bd7 13. c5 Qc7 14.
Bf4 Qd8 15. b4 Nh5 16. Be3 Nhf6 17. f3 Nxc3 18. Qxc3 Be8 19. a3 Rc8 20. Bg5 b6 21. Rab1 Nd7 22. Nxd7 Bxd7 23. Bf4 Bf6 24. e3 g5 25. Bd6 Be7 26. Be5 Bf6 27. Bd6 Be7 28. e4 Bxd6 29. cxd6 Qf6 30. e5 Qf7 31. Qd2 f4 32. g4 h5 33. h3 hxg4 34. hxg4 Qh7 35. Kf2 Qh2 36. Ke2 Qxg2+ 37. Kd1 Qxf3+ 38. Re2 Rf7 39.
Qc2 Qxg4 40. Kc1 Rh7 41. Rg2 Qf5 42. Qxf5 exf5 43. Rxg5+ Rg7 44. Rxg7+ Kxg7 45. Kd2 Kf7 46. Rf1 Ke6 47. Rxf4 Rg8 48. Ke3 Rg3+ 49. Rf3 Rxf3+ 50. Kxf3 Be8 51. Kf4 Bg6 52. a4 a6 53. Kg5 Bh7 54. Kf4 Bg6 55. Ke3 Bh5 56. Kf4 Bd1 57. a5 Bb3 58. Ke3 Bc2 59. d7 Kxd7 60. Kf4 Ke6 61. Kg5 bxa5 62. bxa5 Bb3 63. Kf4 Bc2 64. Kg5 Be4 65. Kf4 Bf3 66. Ke3 Bh5 67. Kf4 Bg6 68.
Kg5 Bf7 69. Kf4 Be8 70. Kg5 Bd7 71. Kf4 Bc8 72. Ke3 Bb7 73. Kf4 Kd7 74. Ke3 Ke6 75.
Kf4 Bc8 76. Kg5 Bd7 77. Kf4 Be8 78. Kg5 Bh5 79. Kf4 Be2 80. Kg5 Bb5 81. Kf4 Bc4 82.
Kg5 Bb5 83. Kf4 Bc4 84. Kg5 Bb5 1/2-1/2

[Event "Live Chess"]
[Site "Chess.com"]
[Date "2023.05.20"]
[Round "-"]
[White "CheckThis4"]
[Black "Alan_Richardson"]
[Result "1-0"]
[WhiteElo "2546"]
[BlackElo "1674"]
[TimeControl "300"]
[EndTime "10:48:18 PDT"]
[Termination "CheckThis4 won on time"]

1. d4 Nf6 2. Nc3 c5 3. d5 e6 4. e4 exd5 5. e5 Ne4 6. Nxd5 d6 7. Nf3 Nc6 8. Bd3 f5 9. exf6 Nxf6 10. Bg5 Be7 11.
Nxe7 Qxe7+ 12. Be2 O-O 13. O-O d5 14. Bxf6 Qxf6 15.
Qxd5+ Be6 16. Qxc5 Qxb2 17. Rab1 Qxa2 18. Rxb7 Rac8 19. Bd3 Qd5 20. Qxd5 Bxd5 21. Rd7 Nb4 22. Rb1 a5 23. Rxb4 Bxf3 24. Rbd4 Bg4 25. Rxg4 g6 26.
h4 Rb8 27. h5 Rf6 28. hxg6 hxg6 29. Rxg6+ Rxg6 30. Bxg6 Ra8 31. Be4 Ra6 32. Bb7 Rf6 33. Bd5+ Kf8 34. Ra7 1-0

[Event "Live Chess"]
[Site "Chess.com"]
[Date "2023.05.20"]
[Round "-"]
[White "JoeyCage"]
[Black "CheckString"]
[Result "1-0"]
[WhiteElo "2296"]
[BlackElo "1259"]
[TimeControl "300"]
[EndTime "10:48:19 PDT"]
[Termination "JoeyCage won on time"]

1. e4 c6 2. d4 d5 3. e5 c5 4.
dxc5 Nc6 5. f4 Nh6 6. Nf3 Bg4 7.
Be2 e6 8. Be3 Nf5 9. Bf2 g5 10.
Nxg5 Bxe2 11. Qxe2 Bh6 12. O-O Bxg5 13. fxg5 Qxg5 14.
Nd2 Rg8 15. g3 h5 16. Nf3 Qg7 17. Kh1 h4 18. Rg1 O-O-O 19. Rae1 hxg3 20. Bxg3 Qh6 21. Qf2 Rg6 22. Nh4 Nxh4 23. Bxh4 Rdg8 24. Rxg6 Rxg6 25. Bg3 Ne7 26. Bf4 Qg7 27. Rg1 Nf5 28. Rxg6 Qxg6 29. Qg2 Kc7 30. Qxg6 fxg6 31. c3 Kc6 32. Kg2 a5 33. b4 axb4 34. cxb4 Kb5 35. Bd2 Kc4 36. Kf3 Kd3 37. Be1 Nd4+ 38. Kf4 Ke2 39. Bh4 Nf3 40.
Bg3 Nd4 41. a4 Nf5 42. b5 Nxg3 43. hxg3 d4 44. c6 d3 45. cxb7 d2 46. b8=Q d1=Q 47. Qd6 Qxa4+ 48. Kg5 Kf3 49. Qd3+ Kg2 50. Kxg6 Qg4+ 51. Kf6 Qf5+ 52. Qxf5 1-0

[Event "Live Chess"]
[Site "Chess.com"]
[Date "2023.05.20"]
[Round "-"]
[White "wot-not"]
[Black "yeetpizza74"]
[Result "1-0"]
[WhiteElo "1463"]
[BlackElo "448"]
[TimeControl "300"]
[EndTime "10:48:19 PDT"]
[Termination "wot-not won by checkmate"]

1. e4 c6 2. f4 d5 3. e5 f5 4. Nf3 e6 5. d4 Nd7 6. c4 dxc4 7. Bxc4 c5 8. Bxe6 cxd4 9. O-O Nc5 10. Bxg8 Rxg8 11. Qxd4 Ne6 12. Qxd8+ Nxd8 13. Nc3 Be6 14. Nb5 Bd7 15. Nc7+ Ke7 16. Nxa8 Bc6 17. Nc7 Bxf3 18. Rxf3 Kd7 19. Nd5 Ne6 20. Bd2 Kc6 21. Nb4+ Bxb4 22. Bxb4 Nd4 23. Rc1+ Kd5 24. Rd3 Ke4 25.
Rxd4+ Kxd4 26. Rd1+ Kc4 27. Ba3 h6 28. Rd7 g5 29. e6 Re8 30. e7 gxf4 31. Rd8 Rxe7 32. Bxe7 h5 33. Kf2 h4 34. Kf3 h3 35. gxh3 Kb5 36.
h4 Kc6 37. h5 Kc7 38. h6 Kc6 39. h7 b5 40. h8=Q a5 41. Qc3+ Kb6 42. Rb8+ Ka6 43.
Qc6+ Ka7 44. Qb7# 1-0

[Event "Live Chess"]
[Site "Chess.com"]
[Date "2023.05.20"]
[Round "-"]
[White "AttackingSnowLeopard"]
[Black "Mikhail_Golubev"]
[Result "1-0"]
[WhiteElo "2120"]
[BlackElo "2526"]
[TimeControl "300"]
[EndTime "10:48:28 PDT"]
[Termination "AttackingSnowLeopard won on time"]

1. d4 g6 2. c4 Bg7 3. Nc3 d6 4. e4 Nf6 5. Be2 Nbd7 6. Nf3 e5 7. O-O O-O 8. Re1 Re8 9. Bf1 c6 10. d5 cxd5 11. cxd5 Nc5 12. b4 Na6 13. a3 Bd7 14.
Bb5 Rc8 15. Bxd7 Qxd7 16. Qd3 Nh5 17. Nb5 Nf4 18. Bxf4 exf4 19. Rac1 Nc7 20. Nxc7 Rxc7 21. Rxc7 Qxc7 22. Qd2 Qc3 23. Qxf4 Qxa3 24. Qxd6 Bc3 25.
Rf1 Rxe4 26. Qb8+ Kg7 27. Qxb7 Rxb4 28. Qc7 Rb6 29. Ng5 Rf6 30. Ne4 Rxf2 31. Nxf2 Be5 32.
Qc4 1-0

[Event "Live Chess"]
[Site "Chess.com"]
[Date "2023.05.20"]
[Round "-"]
[White "defenderalist"]
[Black "mliszewski"]
[Result "0-1"]
[WhiteElo "1589"]
[BlackElo "1900"]
[TimeControl "300"]
[EndTime "10:48:31 PDT"]
[Termination "mliszewski won by resignation"]

1. e4 c6 2. Nf3 d5 3. d4 dxe4 4. Ne5 Nf6 5. Bc4 e6 6. O-O c5 7. Bg5 cxd4 8. Bxf6 gxf6 9. Bb5+ Bd7 10. Bxd7+ Nxd7 11. Qxd4 fxe5 12. Qxe4 Bg7 13. f4 exf4 14. Qxf4 O-O 15. Nd2 Qb6+ 16. Kh1 Qxb2 17. Rab1 Qe5 18.
Qg4 b6 19. Nf3 Qc5 20. Rbd1 Ne5 21. Qg3 Nxf3 22. Rxf3 Qxc2 23. Rdf1 Qg6 24. Qf2 Rac8 25. Rg3 Qc2 26. Qf6 Qg6 27. Rxg6 hxg6 28. Qe7 Rce8 29.
Qxa7 Ra8 30. Qxb6 Rxa2 31. h4 Rb2 32. Qd6 Rfb8 33. Qd7 R2b7 34. Qd3 Rb4 35. g3 Rb3 36. Qd7 R8b7 37. Qe8+ Kh7 38. Rf3 Rxf3 0-1

[Event "Live Chess"]
[Site "Chess.com"]
[Date "2023.05.20"]
[Round "-"]
[White "Davidagye"]
[Black "Bot_Boy"]
[Result "1-0"]
[WhiteElo "1655"]
[BlackElo "325"]
[TimeControl "300"]
[EndTime "10:48:41 PDT"]
[Termination "Davidagye won on time"]

1. e4 c6 2. d4 d5 3. e5 Bf5 4. h4 h5 5. Bd3 Bxd3 6. Qxd3 Rh6 7. Bxh6 Nxh6 8. Nf3 g6 9. e6 Qd6 10. exf7+ Kxf7 11. Ne5+ Kg7 12. Rh3 Nf5 13. f3 Qe6 14. g4 hxg4 15. fxg4 Nd6 16. h5 Ne4 17.
hxg6 Ng5 18. Rh5 Nd7 19. Rxg5 Nxe5 20. Rxe5 Qxg4 21. Nd2 e6 22. Nf3 Bd6 23. O-O-O Bxe5 24. Nxe5 Qg5+ 25. Kb1 Rf8 26. Rh1 Rh8 27. Qf3 Rxh1+ 28. Qxh1 Qh6 29. Qxh6+ Kxh6 30. b4 Kg7 31. a4 a6 32. b5 axb5 33. axb5 cxb5 34. Kb2 1-0

[Event "Live Chess"]
[Site "Chess.com"]
[Date "2023.05.20"]
[Round "-"]
[White "jagbama"]
[Black "lord_cll"]
[Result "0-1"]
[WhiteElo "1138"]
[BlackElo "1206"]
[TimeControl "300"]
[EndTime "10:48:47 PDT"]
[Termination "lord_cll won by checkmate"]

1. e4 d5 2. exd5 Qxd5 3. Nc3 Qa5 4. Nf3 Nf6 5. d3 Bf5 6. Bd2 c6 7. Ne4 Qc7 8. Nxf6+ gxf6 9. Be2 e6 10. c3 Bd6 11. g3 Nd7 12. Nd4 Bh3 13. Bg4 Bxg4 14. Qxg4 O-O-O 15. b4 Ne5 16. Qe2 Bxb4 17. Nxc6 Nxd3+ 18. Kf1 Qxc6 19. cxb4 Qxh1# 0-1

[Event "Live Chess"]
[Site "Chess.com"]
[Date "2023.05.20"]
[Round "-"]
[White "JackRudd"]
[Black "jennybobby44"]
[Result "1-0"]
[WhiteElo "2433"]
[BlackElo "1851"]
[TimeControl "300"]
[EndTime "10:48:56 PDT"]
[Termination "JackRudd won by resignation"]

1. d4 Nf6 2. c4 e6 3. Nc3 Bb4 4. f3 d5 5. a3 Bxc3+ 6. bxc3 c5 7. cxd5 exd5 8. e3 O-O 9. Bd3 Nc6 10. Ne2 Be6 11. O-O Rc8 12. a4 h6 13. Ba3 cxd4 14. cxd4 Re8 15. Qd2 Qa5 16. Qxa5 Nxa5 17. e4 dxe4 18.
fxe4 Bc4 19. Bxc4 Nxc4 20. e5 Nxa3 21. Rxa3 Nd5 22. Nf4 Red8 23. Raf3 Rc3 24. Nxd5 Rxf3 25. Ne7+ Kf8 26. Ng6+ fxg6 27. Rxf3+ Ke7 28. Rd3 Ke6 29. Kf2 Kd5 30. Ke3 Rc8 31. Rb3 b6 32. Rb5+ Ke6 33.
a5 bxa5 34. Rxa5 Rc7 35. Ke4 Rb7 36. d5+ Ke7 37. e6 Kf6 38. Ra4 a5 39. Kd4 g5 40.
Kc5 Rb1 41. Kd6 Rb6+ 42. Kc7 Ra6 43. Kb7 Rd6 44. Rxa5 g4 45. Kc7 Ke7 46. g3 g5 47.
Kb7 h5 48. Kc7 h4 49. Rb5 Rd8 50. Kc6 Rd6+ 51. Kc5 Rd8 52. Rb7+ Kf6 53. Kd4 hxg3 54. hxg3 Ra8 55. Rf7+ Kg6 56. Rf2 Ra3 57. e7 1-0

[Event "Live Chess"]
[Site "Chess.com"]
[Date "2023.05.20"]
[Round "-"]
[White "bristolunichess"]
[Black "MaximKhimchenko"]
[Result "1-0"]
[WhiteElo "1813"]
[BlackElo "1348"]
[TimeControl "300"]
[EndTime "10:49:07 PDT"]
[Termination "bristolunichess won by resignation"]

1. e4 e5 2. Nf3 Nc6 3. Bb5 a6 4. Ba4 b5 5. Bb3 Nf6 6. Nc3 Bc5 7. O-O d6 8. h3 Be6 9. Re1 Qd7 10. d3 h5 11. Bg5 Nd4 12. Nxd4 Bxd4 13. Qd2 Nh7 14. Be3 Ba7 15. Bxa7 Rxa7 16. a4 b4 17. Bxe6 Qxe6 18.
Nd5 c5 19. a5 Ng5 20. Qxg5 1-0

[Event "Live Chess"]
[Site "Chess.com"]
[Date "2023.05.20"]
[Round "-"]
[White "CeladonFish"]
[Black "tpm07"]
[Result "1/2-1/2"]
[WhiteElo "1043"]
[BlackElo "1950"]
[TimeControl "300"]
[EndTime "10:49:15 PDT"]
[Termination "Game drawn by repetition"]

1. d4 Nf6 2. c4 g6 3. Nc3 d5 4. Bf4 Bg7 5. Nf3 O-O 6. e3 c5 7. cxd5 Nxd5 8. Nxd5 Qxd5 9. Qc2 cxd4 10. exd4 Nc6 11.
Bc4 Qa5+ 12. Qc3 Bg4 13. Qxa5 Nxa5 14. Bd5 Bxf3 15. Bxf3 Bxd4 16. b4 Bxa1 17. bxa5 Bc3+ 18. Ke2 Rab8 19. Rc1 Rfe8 20. Bxb8 Rxb8 21. Rxc3 b6 22. axb6 axb6 23. a4 b5 24. axb5 Rxb5 25. Rc8+ Kg7 26.
Rc7 Kf6 27. Ke3 h5 28. g4 Rb3+ 29. Kf4 g5+ 30. Kg3 h4+ 31. Kg2 e5 32. Rc6+ Kg7 33.
Bd5 Rd3 34. Bc4 Rd4 35. Rc7 Rxg4+ 36. Kh3 Rf4 37. Kg2 Kg6 38. Bd3+ Kh5 39. Rc8 e4 40.
Bc2 Kg4 41. h3+ Kf5 42. Rc5+ Kg6 43. Rc3 Kf6 44. f3 exf3+ 45. Rxf3 Ke5 46. Rxf4 Kxf4 47. Bd1 f5 48. Bf3 g4 49. hxg4 fxg4 50. Bxg4 Kxg4 51. Kh2 Kh5 52. Kh3 Kg5 53. Kh2 Kf4 54. Kh3 Kg5 55. Kh2 Kh5 56. Kh3 Kg5 1/2-1/2

[Event "Live Chess"]
[Site "Chess.com"]
[Date "2023.05.20"]
[Round "-"]
[White "Driftboard"]
[Black "smoggyrabbit"]
[Result "0-1"]
[WhiteElo "683"]
[BlackElo "1616"]
[TimeControl "300"]
[EndTime "10:49:24 PDT"]
[Termination "smoggyrabbit won - game abandoned"]

1. e4 e6 2. Nf3 d5 3. exd5 exd5 4. Nc3 c6 5. d3 Bd6 6. Be2 Ne7 7. O-O O-O 8. Bg5 f6 9. Bd2 Bg4 10. h3 Bxf3 11. Bxf3 Nd7 12. Bg4 Ne5 13. Be6+ Kh8 14. Bg4 Nxg4 15. Qxg4 Ng6 16. h4 f5 0-1

[Event "Live Chess"]
[Site "Chess.com"]
[Date "2023.05.20"]
[Round "-"]
[White "viktorskliarov"]
[Black "Ayush_prahlad_Gupta"]
[Result "1-0"]
[WhiteElo "2649"]
[BlackElo "1793"]
[TimeControl "300"]
[EndTime "10:49:29 PDT"]
[Termination "viktorskliarov won by checkmate"]

1. e4 e5 2. Nc3 Nc6 3. Bc4 Bc5 4. Qg4 g6 5. Qf3 Nf6 6. Nge2 d6 7. d3 Bg4 8. Qg3 Qd7 9. h3 Be6 10. Bg5 Nh5 11. Qf3 Bxc4 12. dxc4 Nd4 13. Nxd4 exd4 14.
Nd5 c6 15. Nf6+ Nxf6 16. Bxf6 O-O 17. O-O-O Qe6 18. b3 a5 19. Bxd4 Bxd4 20. Rxd4 Qe5 21. Rhd1 Rfd8 22. Qg3 Qc5 23. Rxd6 Qa3+ 24. Kb1 Re8 25.
Qc3 b5 26. Rxc6 b4 27. Qb2 a4 28. Qxa3 bxa3 29. f3 axb3 30. cxb3 Re5 31. Rcd6 Kg7 32.
R6d5 Re6 33. Kc2 Rae8 34. b4 f5 35. exf5 gxf5 36. Rxf5 Re2+ 37. Rd2 R2e3 38. Rfd5 Rc8 39. c5 Rb8 40. R5d4 Rbe8 41. R4d3 Re1 42. Kb3 Rb1+ 43. Kc4 Rb8 44. Rb3 Ra1 45. Rxa3 Rc1+ 46. Rc3 Re1 47. a3 Kf6 48. c6 Re6 49. Kb3 Ra8 50. c7 Ree8 51.
Rd8 Raxd8 52. cxd8=Q+ Rxd8 53. b5 Rd5 54. Kc4 Rg5 55.
b6 Rxg2 56. Rb3 Rg8 57. b7 Rb8 58. a4 Ke7 59. a5 Kd7 60. a6 Kc7 61. a7 Rxb7 62.
a8=Q Rxb3 63. Kxb3 Kd6 64. Qe4 Kd7 65. Qxh7+ Kd6 66.
Qe4 Kd7 67. Kc4 Kd6 68. Qf5 Kc7 69. Qe6 Kd8 70. Qf7 Kc8 71. Kc5 Kd8 72. Kc6 Kc8 73. Qf8# 1-0

[Event "Live Chess"]
[Site "Chess.com"]
[Date "2023.05.20"]
[Round "-"]
[White "LL220284LL"]
[Black "booktrunk"]
[Result "1-0"]
[WhiteElo "2396"]
[BlackElo "1333"]
[TimeControl "300"]
[EndTime "10:49:41 PDT"]
[Termination "LL220284LL won by resignation"]

1. f3 d5 2. b3 Bf5 3. Bb2 e6 4. e3 h5 5. Ne2 Bd6 6. d3 Nc6 7. g3 h4 8. g4 Bg6 9. h3 Be5 10. d4 Bd6 11. Bg2 e5 12. Nd2 exd4 13. Nxd4 Nxd4 14. Bxd4 c5 15. Bxg7 Rh7 16. Bb2 Bg3+ 17.
Kf1 Qa5 18. f4 f5 19. Bxd5 fxg4 20. Nc4 Qb5 21. Bxg8 Re7 22. Qxg4 Bxc2 23. Qh5+ Kd7 24. Qd5+ Ke8 25. Bh8 Bxb3 26. axb3 Qxb3 27. Nd6+ Kf8 28. Qxb3 1-0

[Event "Live Chess"]
[Site "Chess.com"]
[Date "2023.05.20"]
[Round "-"]
[White "Tushinskiy"]
[Black "PetorPrydatko"]
[Result "1-0"]
[WhiteElo "2106"]
[BlackElo "369"]
[TimeControl "300"]
[EndTime "10:49:44 PDT"]
[Termination "Tushinskiy won by checkmate"]

1. d4 d5 2. c3 Bf5 3. Nf3 e6 4.
Bf4 Nc6 5. e3 Nf6 6. Bd3 Bd6 7.
Bxf5 Bxf4 8. Bxe6 Qd6 9. Bxf7+ Kxf7 10. exf4 Rae8+ 11. Ne5+ Nxe5 12. fxe5 Qe7 13. O-O Ng4 14. Qxg4 Kg8 15. f4 Rd8 16. Nd2 Kf8 17. f5 Qe8 18. f6 Rd7 19. fxg7+ Kg8 20. Rf8+ Qxf8 21. gxf8=Q+ Kxf8 22. Qxd7 Kg8 23. Rf1 h5 24. Qf7# 1-0